 Dungeon Crawl Stone Soup version 0.30-b1-2-g02819fbbbe (webtiles) character file.

Game seed: 1913320547965152886

48 Skulm the Chopper (level 3, 33/33 HPs)
             Began as a Minotaur Berserker on July 7, 2023.
             Was a Believer of Trog.
             Quit the game on level 2 of the Dungeon.
             The game lasted 00:15:13 (1556 turns).

Skulm the Chopper (Minotaur Berserker)              Turns: 1556, Time: 00:15:13

Health: 33/33      AC:  5    Str: 23    XL:     3   Next: 50%
Magic:  2/2        EV: 11    Int:  4    God:    Trog [**....]
Gold:   106        SH:  0    Dex:  9    Spells: 2/2 levels left

rFire   . . .        a - +0 hand axe
rCold   . . .        (no shield)
rNeg    . . .        l - +0 ring mail
rPois   .            (helmet restricted)
rElec   .            (no cloak)
rCorr   .            (no gloves)
SInv    .            (no boots)
Will    .....        (no amulet) Stlth
                     (no ring)
HPRegen 0.25/turn    (no ring)
MPRegen 0.08/turn

%: no passive effects
@: no status effects
A: horns 2, retaliatory headbutt
a: Renounce Religion, Berserk, Trog's Hand


You were on level 2 of the Dungeon.
You worshipped Trog.
Trog was pleased with you.
You visited 1 branch of the dungeon, and saw 2 of its levels.

You collected 106 gold pieces.

Inventory:

Hand Weapons
 a - a +0 hand axe (weapon)
Armour
 b - a +0 animal skin
 l - a +0 ring mail (worn)
Scrolls
 c - a scroll of immolation {unknown}
 g - 4 scrolls of identify {unknown}
 h - 2 scrolls of fog {unknown}
 i - a scroll of amnesia {unknown}
 j - 2 scrolls of teleportation {unknown}
 m - a scroll of noise {unknown}
Potions
 d - a potion of lignification {unknown}
 e - 3 potions of curing {unknown}
 f - 3 potions of might {unknown}
 k - a potion of brilliance {unknown}
 n - a potion of haste {unknown}


   Skills:
 - Level 4.0 Fighting
 * Level 5.1 Axes
 - Level 2.5 Armour
 - Level 2.3 Dodging


You had 2 spell levels left.
You didn't know any spells.
Your spell library contained the following spells:

 Spells                   Type           Power      Damage    Failure   Level
 Frozen Ramparts          Ice            0%         1d1       95%         3
 Ice Form                 Ice/Tmut       0%         N/A       100%        4
 Summon Ice Beast         Ice/Summ       0%         N/A       100%        4


Dungeon Overview and Level Annotations

Branches:
Dungeon (2/15)

Altars:


Innate Abilities, Weirdness & Mutations

You have a pair of horns on your head.
You reflexively headbutt those who attack you in melee.


Message History

Okay, then.
Okay, then.
Okay, then.
Okay, then.
What are your orders? t - Shout!
Orders for allies: a - Attack new target. r - Retreat! s - Stop attacking. g - Guard the area. f - Follow me.
Anything else - Cancel.
Okay, then.
Unknown command.
Okay, then.
There are no items here.
You don't know any spells.
There's nothing to close nearby.
Unknown command.
You don't know any spells.
You don't know any spells.
Unknown command.
Unknown command.
Unknown command.
Unknown command.
Unknown command.
You have 106 gold pieces.
Done exploring.
Unknown command.
Unknown command.
There is an open door here.
There is an open door here.
Unknown command.
Unknown command.
Are you sure you want to abandon this character and quit the game? (Confirm with "yes".)
Okay, then.
Unknown command.
Unknown command.
Unknown command.
Okay, then.
Okay, then.
Are you sure you want to abandon this character and quit the game? (Confirm with "yes".)

......# #...#
##......#.### ##+##.#
#...# #..........#
......# #...#
#......#.#.. ......#
#...#######......#.###
......#
######...........#....
......# #.#####.....#####
.....## #.# #...........#
.....#
#########'###...........#
.....#
#.......@...#...........#
.....#
#...........'...........#
######
#...........#...........#
#...........#...........#
#.#.###.###.#.#########†.
#...##...##.#.# #..
#...#.....#.#.# #..
#.#.......#.#.# #..
#...#.....#...# #..


There were no monsters in sight!

Vanquished Creatures
  An adder (D:2)
  A dart slug (D:1)
  7 endoplasms
  A giant cockroach (D:1)
  4 goblins
  2 hobgoblins (D:1)
  3 jackals (D:2)
  A quokka (D:1)
  5 ball pythons (D:1)
  A bat (D:2)
  A frilled lizard (D:1)
  2 kobolds (D:2)
  4 rats
33 creatures vanquished.

Vanquished Creatures (others)
  9 plants (D:1)
9 creatures vanquished.

Grand Total: 42 creatures vanquished

Notes
Turn   | Place    | Note
-------+----------+-------------------------------------------
     0 | D:1      | Skulm the Minotaur Berserker began the quest for the Orb.
     0 | D:1      | Reached XP level 1. HP: 19/19 MP: 0/0
   215 | D:1      | Reached skill level 4 in Axes
   215 | D:1      | Reached XP level 2. HP: 26/27 MP: 1/1
  1042 | D:2      | Reached XP level 3. HP: 26/33 MP: 2/2
  1255 | D:2      | Reached ** piety under Trog
  1455 | D:2      | Reached skill level 5 in Axes
  1556 | D:2      | Quit the game

Illustrated notes

Levels and vault maps discovered:
D:1:      roderic_crop_circles_arrival_small, layout_rooms,
          minmay_misc_feat_pillars
D:2:      layout_basic, minmay_misc_feat_enclosed

Skill      XL: |  1  2  3 |
---------------+----------+-----
Axes           | 4 5 |  5.1
Fighting       | 4 |  4.0
Armour         | |  2.5
Dodging        | |  2.3

Action                     || total
---------------------------++-------
  Melee: Hand axe          ||    61
         Headbutt          ||    10
         Punch             ||     1
 Armour: Animal skin       ||     4
         Ring mail         ||    12
  Dodge: Dodged            ||    33
